 Dungeon Crawl Stone Soup version 0.20.1-1-g8b1a95d66d (webtiles) character file.

270 Peloso the Covered (level 6, -9/42 HPs)
             Began as a Halfling Fighter on Dec 3, 2017.
             Was a Follower of Okawaru.
             Mangled by an ogre
             ... wielding a +0 giant club
              (10 damage)
             ... on level 4 of the Dungeon.
             The game lasted 00:07:30 (2481 turns).

Peloso the Covered (Halfling Fighter)               Turns: 2481, Time: 00:07:31

Health: -9/42      AC: 12    Str: 19    XL:     6   Next: 47%
Magic:  6/6        EV:  6    Int:  6    God:    Okawaru [*.....]
Gold:   119        SH: 10    Dex: 14    Spells: 5/5 levels left

rFire    . . .     SeeInvis .   a - +0 long sword
rCold    + . .     Gourm    .   c - +0 shield
rNeg     . . .     Faith    .   b - +0 plate armour
rPois    .         Spirit   .   (no helmet)
rElec    .         Reflect  .   (no cloak)
rCorr    .         Harm     .   (no gloves)
MR       .....                  (no boots)
Stlth    ..........             (no amulet)
Regen    0.2/turn               k - ring of protection from cold
MPRegen  0.1/turn               (no ring)

@: no status effects
A: mutation resistance 1
a: Heroism, Renounce Religion


You were on level 4 of the Dungeon.
You worshipped Okawaru.
Okawaru was aware of your devotion.
You were very hungry.

You visited 1 branch of the dungeon, and saw 4 of its levels.

You collected 119 gold pieces.

Inventory:

Hand Weapons
 a - a +0 long sword (weapon)
Missiles
 h - 8 poisoned javelins
Armour
 b - a +0 plate armour (worn)
 c - a +0 shield (worn)
Jewellery
 k - a ring of protection from cold (left hand)
Scrolls
 g - 2 scrolls of identify {unknown}
 i - a scroll of amnesia {unknown}
 j - 2 scrolls of magic mapping {unknown}
 l - a scroll of enchant weapon {unknown}
 m - a scroll of teleportation {unknown}
 n - a scroll of fear {unknown}
 o - a scroll of remove curse {unknown}
Potions
 d - a potion of might
 e - 2 potions of curing
 p - a potion of agility
Comestibles
 f - 6 bread rations
 q - 2 royal jellies


   Skills:
 + Level 3.1 Fighting
 + Level 3.5 Long Blades
 + Level 5.0 Armour
 + Level 1.0 Dodging
 + Level 4.8 Shields


You had 5 spell levels left.
You didn't know any spells.

Dungeon Overview and Level Annotations

Branches:
Dungeon (4/15)
 Temple: D:4-7

Altars:
Cheibriados
Okawaru
Sif Muna
Yredelemnul


Innate Abilities, Weirdness & Mutations

You are small and have problems with some larger weapons.
You are somewhat resistant to further mutation.


Message History

Aim: an ogre, wielding a giant club
Okay, then.
You slash the ogre!
The ogre is moderately wounded.
The ogre hits you with a giant club!
You slash the ogre!
The ogre is heavily wounded.
You block the ogre's attack.
You barely miss the ogre.
The ogre is heavily wounded.
The ogre hits you with a giant club!!
* * * LOW HITPOINT WARNING * * *
You hit the ogre.
The ogre is severely wounded.
The ogre hits you with a giant club!
* * * LOW HITPOINT WARNING * * *
You hit the ogre.
The ogre is severely wounded.
The ogre hits you with a giant club!
You die...

### #.. ## #.###
#.. ..#.. #.# #.#.#
#.# #.#.# ### #.#
####.#O#
....###.###....@.#
............##.###
........†.........
#.######.#####..###
#. ####........# #.
#...######.##
#.###...### #.
..........####.
......)........


You could see an ogre.

Vanquished Creatures
  A hound (D:4)
  A bullfrog skeleton (D:3)
  2 orc wizards (D:3)
  Jessica (D:2)
  Natasha (D:2)
  An iguana (D:4)
  3 adders
  2 oozes (D:2)
  A worm (D:3)
  2 dart slugs
  An orc (D:3)
  7 giant cockroaches
  7 goblins
  9 hobgoblins
  2 jackals (D:3)
  7 kobolds
  2 quokkas
  2 ball pythons
  8 bats
  A frilled lizard (D:2)
  6 rats
67 creatures vanquished.

Notes
Turn   | Place    | Note
-------+----------+-------------------------------------------
     0 | D:1      | Peloso the Halfling Fighter began the quest for the Orb.
     0 | D:1      | Reached XP level 1. HP: 15/15 MP: 1/1
    81 | D:1      | Reached XP level 2. HP: 16/20 MP: 2/2
   326 | D:1      | Reached XP level 3. HP: 25/25 MP: 3/3
   886 | D:2      | Found an iron altar of Okawaru.
   898 | D:2      | Reached skill level 4 in Armour
   922 | D:2      | Became a worshipper of Warmaster Okawaru
  1058 | D:2      | Reached XP level 4. HP: 29/30 MP: 4/4
  1134 | D:2      | Noticed Jessica
  1155 | D:2      | Killed Jessica
  1275 | D:2      | Found a deep blue altar of Sif Muna.
  1385 | D:2      | Noticed Natasha
  1391 | D:2      | Killed Natasha
  1391 | D:2      | Reached XP level 5. HP: 31/36 MP: 5/5
  1628 | D:3      | Reached * piety under Okawaru
  1863 | D:3      | Found a snail-covered altar of Cheibriados.
  1878 | D:3      | Reached XP level 6. HP: 27/42 MP: 6/6
  1902 | D:3      | Reached skill level 5 in Armour
  2284 | D:3      | Found a basalt altar of Yredelemnul.
  2466 | D:4      | Reached skill level 1 in Dodging
  2474 | D:4      | Noticed an ogre
  2480 | D:4      | HP: 1/42 [ogre/giant club (9)]
  2481 | D:4      | Mangled by an ogre

Skill      XL: |  1  2  3  4  5  6 |
---------------+-------------------+-----
Armour         | 4 5 |  5.0
Shields        | 4 |  4.8
Fighting       | 3 |  3.1
Long Blades    | 3 |  3.5
Dodging        | 1 |  1.0

Action                   |  1- 3 |  4- 6 || total
-------------------------+-------+-------++-------
Melee: Long sword        |   132 |   220 ||   352
  Use: Potion            |       |     2 ||     2
  Eat: Chunk             |       |     5 ||     5
Armor: Plate armour      |   104 |   135 ||   239
       Scale mail        |     1 |       ||     1
       Skin              |       |    14 ||    14
Dodge: Dodged            |    28 |    53 ||    81
Block: Shield            |    81 |   125 ||   206
       Rpst.: Long sword |     8 |    15 ||    23
